 Dungeon Crawl Stone Soup version 0.21.1-1-g345015f (webtiles) character file.

569 prawnwizard the Chopper (level 7, -8/61 HPs)
             Began as a Minotaur Berserker on June 28, 2018.
             Was a Priest of Trog.
             Mangled by an ogre
             ... wielding a +0 giant club
              (12 damage)
             ... on level 5 of the Dungeon.
             The game lasted 00:09:43 (2749 turns).

prawnwizard the Chopper (Minotaur Berserker)        Turns: 2749, Time: 00:09:45

Health: -8/61      AC: 13    Str: 24    XL:     7   Next: 11%
Magic:  6/6        EV: 11    Int:  4    God:    Trog [***...]
Gold:   207        SH:  4    Dex:  9    Spells: 6/6 levels left

rFire    . . .     SeeInvis .   a - +1 hand axe
rCold    . . .     Gourm    .   (no shield)
rNeg     . . .     Faith    .   p - +0 scale mail
rPois    .         Spirit   .   (helmet restricted)
rElec    .         Reflect  +   m - +0 cloak
rCorr    .         Harm     .   e - +1 pair of gloves
MR       +....                  (no boots)
Stlth    ..........             j - +4 amulet of reflection
HPRegen  0.20/turn              k - ring of protection from magic
MPRegen  0.10/turn              v - +3 ring of protection

@: lethally poisoned (-8 -> -9), berserk cooldown, slowed, drained, very slow
A: retaliatory headbutt, horns 2
a: Berserk, Trog's Hand, Burn Spellbooks, Renounce Religion


You were on level 5 of the Dungeon.
You worshipped Trog.
Trog was most pleased with you.
You were not hungry.

You visited 1 branch of the dungeon, and saw 5 of its levels.

You collected 207 gold pieces.

Inventory:

Hand Weapons
 a - a +1 hand axe (weapon)
 g - a +2 dire flail of freezing
 i - a +5 mace
Armour
 e - a +1 pair of gloves (worn)
 m - a +0 cloak (worn)
 p - a +0 scale mail (worn)
Jewellery
 h - an uncursed amulet of harm
 j - a +4 amulet of reflection (around neck)
 k - a ring of protection from magic (left hand)
 v - a +3 ring of protection (right hand)
Scrolls
 d - a scroll of teleportation
Potions
 b - a potion of curing {unknown}
 f - a potion of lignification
 n - 2 potions of brilliance
 q - a potion of might {unknown}
 r - a potion of degeneration
 t - a potion of invisibility
Comestibles
 c - 4 rations


   Skills:
 + Level 5.5(5.3) Fighting
 + Level 6.7(6.4) Axes
 + Level 5.2(4.9) Armour
 + Level 3.7(3.4) Dodging


You had 6 spell levels left.
You didn't know any spells.

Dungeon Overview and Level Annotations

Branches:
Dungeon (5/15)
 Temple: D:4-7

Altars:
Fedhas


Innate Abilities, Weirdness & Mutations

You reflexively headbutt those who attack you in melee.
You have a pair of horns on your head.


Message History

The orc wizard hits you but does no damage.
The orc wizard points at you and mumbles some strange words.
The puff of frost misses you.
The orc wizard points at you and mumbles some strange words.
The magic dart hits you! The ogre hits you with a giant club!!
* * * LOW HITPOINT WARNING * * *
The orc wizard hits you but does no damage.
You slide downwards.
The hatch slams shut behind you. 3 orcs, an orc priest and a shadow imp come into view.
An orc is wielding a hand axe of venom.
The shadow imp shouts!
The orc priest shouts!
The orc shouts! x2
You're still recovering from your berserk rage.
Unknown command.
You barely miss the orc wizard. Your headbutt misses the orc wizard.
The orc wizard is almost dead.
You hit the ogre. You hit the shadow imp.
The orc wizard mumbles some strange words.
The orc wizard blinks!
The shadow imp closely misses you. The ogre hits you with a giant club!
You die...

###### #....#
#####.O..######
..o...ยง@......#
o.oo..##5.....#
..... ..o....
.... ####### ###


You could see an ogre, an orc priest, an orc wizard, a shadow imp and 3 orcs.

Vanquished Creatures
  4 wights (D:4)
  A howler monkey (D:4)
  A hound (D:4)
  An orc priest (D:4)
  Crazy Yiuf (D:2)
  An iguana (D:4)
  An orc wizard (D:4)
  A hound skeleton (D:4)
  11 adders
  A dart slug (D:1)
  4 leopard geckos
  11 orcs
  9 bats
  2 giant cockroaches
  9 goblins
  13 hobgoblins
  9 jackals
  4 quokkas
  A ball python (D:2)
  2 frilled lizards (D:2)
  10 kobolds
  7 rats
104 creatures vanquished.

Notes
Turn   | Place    | Note
-------+----------+-------------------------------------------
     0 | D:1      | prawnwizard the Minotaur Berserker began the quest for the Orb.
     0 | D:1      | Reached XP level 1. HP: 19/19 MP: 0/0
   103 | D:1      | Reached XP level 2. HP: 23/27 MP: 1/1
   106 | D:1      | Reached skill level 4 in Axes
   331 | D:1      | Reached ** piety under Trog
   423 | D:1      | Reached XP level 3. HP: 32/33 MP: 2/2
  1312 | D:2      | Reached XP level 4. HP: 22/41 MP: 3/3
  1537 | D:2      | Found a runed door.
  1616 | D:2      | Reached skill level 5 in Axes
  1959 | D:2      | Noticed Crazy Yiuf
  1965 | D:2      | Killed Crazy Yiuf
  1965 | D:2      | Reached XP level 5. HP: 47/47 MP: 4/4
  2087 | D:3      | Reached *** piety under Trog
  2130 | D:3      | Reached skill level 5 in Fighting
  2325 | D:3      | Found a blossoming altar of Fedhas.
  2525 | D:4      | Reached XP level 6. HP: 56/56 MP: 5/5
  2637 | D:4      | Reached skill level 6 in Axes
  2723 | D:4      | Reached skill level 5 in Armour
  2727 | D:4      | Reached XP level 7. HP: 61/61 MP: 6/6
  2747 | D:4      | HP: 3/61 [ogre/giant club (18)]
  2748 | D:5      | Entered Level 5 of the Dungeon
  2749 | D:5      | Mangled by an ogre

Skill      XL: |  1  2  3  4  5  6 |
---------------+-------------------+-----
Axes           | 4 5 6 |  6.7
Fighting       | 4 5 |  5.5
Armour         | 3 4 5 |  5.2
Dodging        | 3 |  3.7

Action                   |  1- 3 |  4- 6 |  7- 9 || total
-------------------------+-------+-------+-------++-------
Melee: Hand axe          |   101 |   117 |     9 ||   227
       Headbutt          |    12 |    14 |       ||    26
Invok: Berserk           |       |     5 |       ||     5
       Trog's Hand       |       |     2 |       ||     2
  Use: Scroll            |       |    11 |       ||    11
  Eat: Chunk             |     1 |     4 |       ||     5
       Ration            |       |     2 |       ||     2
Armor: Animal skin       |     2 |       |       ||     2
       Ring mail         |    33 |    10 |       ||    43
       Scale mail        |       |    60 |    15 ||    75
Dodge: Dodged            |    71 |    77 |    12 ||   160
Block: Other             |       |    25 |     2 ||    27
       Reflection        |       |     1 |       ||     1
